 Dungeon Crawl Stone Soup version 0.24-a0-441-g27f0392e16 (webtiles) character file.

Game seed: 2725050782500946464

221 gruber the Conjurer (level 5, -4/31 HPs)
             Began as an Octopode Conjurer on June 19, 2019.
             Slain by a leopard gecko (5 damage)
             ... on level 3 of the Dungeon.
             The game lasted 00:03:34 (2397 turns).

gruber the Conjurer (Octopode Conjurer)             Turns: 2397, Time: 00:03:35

Health: -4/31      AC:  1    Str:  7    XL:     5   Next: 98%
Magic:  5/9        EV: 13    Int: 18    God:
Gold:   110        SH:  0    Dex: 13    Spells: 3/9 levels left

rFire    . . .     SeeInvis .   c - +0 dagger
rCold    . . .     Gourm    .   (no shield)
rNeg     . . .     Faith    .   (helmet restricted)
rPois    .         Spirit   .   (no amulet)
rElec    .         Reflect  .   (no ring)
rCorr    .         Harm     .   (no ring)
MR       .....                  (no ring)
Stlth    +++.......             (no ring)
HPRegen  0.10/turn              (no ring)
MPRegen  0.11/turn              (no ring)
                                (no ring)
                                (no ring)

@: no status effects
A: almost no armour, stealthy swim, amphibious, 8 rings, constrict 8, camouflage
1, gelatinous body 1
a: no special abilities


You were on level 3 of the Dungeon.
You were hungry.

You visited 1 branch of the dungeon, and saw 3 of its levels.

You collected 110 gold pieces.

Inventory:

Hand Weapons
 c - a +0 dagger (weapon)
Missiles
 k - 12 poisoned darts (quivered)
Scrolls
 a - a scroll of fear {unknown}
 d - a scroll of random uselessness {unknown}
 e - a scroll of remove curse {unknown}
 f - a scroll of amnesia {unknown}
 g - a scroll of teleportation {unknown}
 h - 2 scrolls of identify {unknown}
Potions
 i - a potion of cancellation {unknown}
 j - a potion of curing {unknown}
 l - a potion of flight {unknown}
Comestibles
 b - 6 rations


   Skills:
 - Level 2.0 Dodging
 - Level 2.6 Stealth
 + Level 2.8 Spellcasting
 + Level 6.6 Conjurations


You had 3 spell levels left.
You knew the following spells:

 Your Spells              Type           Power        Failure   Level  Hunger
a - Magic Dart            Conj           ####         1%          1    None
b - Searing Ray           Conj           ####..       1%          2    ##.....
c - Dazzling Spray        Conj/Hex       ##....       13%         3    ###....

Your spell library contained the following spells:

 Spells                   Type           Power        Failure   Level  Hunger
 Iskenderun's Mystic Bla  Conj           ####....     11%         4    ####...
 Force Lance              Conj/Tloc      ##......     38%         4    ####...
 Fulminant Prism          Conj/Hex       ##........   38%         4    ####...


Dungeon Overview and Level Annotations

Branches:
Dungeon (3/15)

Altars:


Innate Abilities, Weirdness & Mutations

You cannot wear most types of armour.
You are very stealthy in the water. (Stealth+)
You are amphibious.
You can wear up to eight rings at the same time.
You can use your tentacles to constrict eight enemies at once.
Your skin changes colour to match your surroundings (Stealth+).
Your rubbery body absorbs attacks. (AC +1, EV +1)


Message History

The bat hits you. The leopard gecko closely misses you.
The leopard gecko barely misses you.
You completely miss the leopard gecko. Your grab misses the leopard gecko.
The bat hits you but does no damage. The leopard gecko bites you.
* * * LOW HITPOINT WARNING * * *
The leopard gecko bites you.
* * * LOW HITPOINT WARNING * * *
You are feeling hungry.
You hit the leopard gecko but do no damage.
Your grab misses the leopard gecko.
The leopard gecko closely misses you. x2
The bat misses you.
You hit the leopard gecko. Your grab misses the leopard gecko.
Your squeeze misses the leopard gecko.
The leopard gecko is heavily wounded.
The bat misses you. The leopard gecko bites you.
* * * LOW HITPOINT WARNING * * *
The leopard gecko bites you.
* * * LOW HITPOINT WARNING * * *
The leopard gecko bites you.
You die...

#...##.# ######
###..>.###
##..?...# ###....#
##...!....
##...####.........
###...##.........
#...........<..
####.......?...
######.........
.......$@b......
....###ll.......
#. ..#........
#.⌠.#........
#..(#....%...
≈≈###≈........ ≈≈≈
......... ≈≈
.?.......


You could see 2 leopard geckos and a bat.

Vanquished Creatures
  Jessica (D:2)
  Natasha (thrice) (D:2)
  3 adders (D:2)
  4 worms
  A dart slug (D:3)
  A leopard gecko (D:1)
  A ball python (D:1)
  11 giant cockroaches
  6 goblins
  12 hobgoblins
  5 jackals
  11 kobolds
  A quokka (D:2)
  8 bats
  3 frilled lizards (D:1)
  3 rats
74 creatures vanquished.

Notes
Turn   | Place    | Note
-------+----------+-------------------------------------------
     0 | D:1      | gruber the Octopode Conjurer began the quest for the Orb.
     0 | D:1      | Reached XP level 1. HP: 11/11 MP: 3/3
   195 | D:1      | Reached XP level 2. HP: 15/17 MP: 5/5
   204 | D:1      | Learned a level 2 spell: Searing Ray
   570 | D:1      | Reached XP level 3. HP: 19/21 MP: 6/6
   606 | D:1      | Learned a level 3 spell: Dazzling Spray
   997 | D:2      | Reached skill level 5 in Conjurations
  1351 | D:2      | Reached XP level 4. HP: 27/27 MP: 7/7
  1367 | D:2      | Noticed Natasha
  1377 | D:2      | Killed Natasha
  1385 | D:2      | Noticed Jessica
  1575 | D:2      | Killed Jessica
  1575 | D:2      | Reached XP level 5. HP: 30/31 MP: 4/8
  1675 | D:2      | Reached skill level 6 in Conjurations
  1770 | D:2      | Noticed Natasha
  1776 | D:2      | Killed Natasha
  1927 | D:2      | Noticed Natasha
  1934 | D:2      | Killed Natasha
  2397 | D:3      | HP: 1/31 [leopard gecko (2)]
  2397 | D:3      | Slain by a leopard gecko

Levels and vault maps discovered:
D:1:      tarquinn_simple_flora_water_d, layout_basic, minmay_heptomino_h4
D:2:      minmay_roachtagon, layout_loops_ring, uniq_natasha, uniq_jessica
D:3:      layout_rooms, lemuel_crystal_altar, first_ration,
          gup_sewer_entry_pipe, fountainhead, makhleb_heckhound_becter,
          uniq_robin

Skill      XL: |  1  2  3  4  5 |
---------------+----------------+-----
Conjurations   | 5 6 |  6.6
Dodging        | |  2.0
Stealth        | |  2.6
Spellcasting   | |  2.8

Action                   |  1- 3 |  4- 6 || total
-------------------------+-------+-------++-------
Melee: Dagger            |    64 |    41 ||   105
       Unarmed           |     9 |       ||     9
       Constrict         |    21 |    10 ||    31
       Tentacles         |     8 |    11 ||    19
 Cast: Magic Dart        |    20 |    35 ||    55
       Searing Ray       |     2 |     7 ||     9
 Stab: Sleeping          |    11 |       ||    11
  Eat: Chunk             |     2 |     3 ||     5
Armor: Skin              |     4 |     5 ||     9
Dodge: Dodged            |    31 |    47 ||    78

Table legend:
 A = Non-vault XP
 B = Vault XP
 C = Vault XP percentage of total XP
 D = Non-vault monster count
 E = Vault monster count
 F = Vault count percentage of total count
                 A         B        C        D         E       F
            +---------+---------+-------+---------+---------+-------
      Total |     218 |      98 |  31.0 |      58 |      16 |  21.6
            +---------+---------+-------+---------+---------+-------
        D:1 |      40 |       6 |  13.0 |      23 |       4 |  14.8
        D:2 |     159 |      92 |  36.7 |      28 |      12 |  30.0
        D:3 |      19 |       0 |   0.0 |       7 |       0 |   0.0
            +---------+---------+-------+---------+---------+-------
